 Dungeon Crawl Stone Soup version 0.24.0-13-gcf9b319 (webtiles) character file.

Game seed: 13928476725688486172, levelgen mode: deterministic

186 Bronimir the Digger (level 5, -2/42 HPs)
             Began as a Deep Dwarf Earth Elementalist on Mar 16, 2020.
             Slain by a river rat (5 damage)
             ... in a sewer.
             The game lasted 00:07:45 (2521 turns).

Bronimir the Digger (Deep Dwarf Earth Elementalist) Turns: 2521, Time: 00:07:45

Health: -2/42      AC:  2    Str: 13    XL:     5   Next: 38%
Magic:  3/8        EV: 13    Int: 15    God:
Gold:   101        SH:  0    Dex: 13    Spells: 3/9 levels left

rFire    . . .     SeeInvis .   a - +0 hand axe
rCold    . . .     Gourm    .   (no shield)
rNeg     . . .     Faith    .   c - +0 robe
rPois    .         Spirit   .   (no helmet)
rElec    .         Reflect  .   (no cloak)
rCorr    .         Harm     .   (no gloves)
MR       .....                  (no boots)
Stlth    +.........             (no amulet)
HPRegen  0.00/turn              (no ring)
MPRegen  0.11/turn              (no ring)

@: non-regenerating, very slow
A: damage resistance, heal wounds, sense surroundings 1, no regeneration
a: Heal Wounds


You were in a sewer.
You were not hungry.

You visited 1 branch of the dungeon, and saw 3 of its levels.
You also visited: Sewer.

You collected 101 gold pieces.

Inventory:

Hand Weapons
 a - a +0 hand axe (weapon)
 k - a +0 whip
 n - a +0 dagger
 w - a +0 spear
Missiles
 b - 31 stones (quivered)
 f - 20 sling bullets
 g - 31 arrows
Armour
 c - a +0 robe (worn)
 m - a +0 ring mail
 q - a +0 ring mail of fire resistance
 v - a +2 ring mail of fire resistance
 z - a +0 shield
Scrolls
 e - a scroll of enchant armour {unknown}
 h - 2 scrolls of amnesia {unknown}
 j - a scroll of noise {unknown}
 l - a scroll of magic mapping {unknown}
 p - a scroll of fog {unknown}
 s - 2 scrolls of remove curse {unknown}
 t - a scroll of identify {unknown}
 x - a scroll of random uselessness {unknown}
 y - a scroll of enchant weapon {unknown}
Potions
 i - 2 potions of curing {unknown}
 o - 2 potions of cancellation {unknown}
 r - a potion of haste {unknown}
 u - a potion of lignification {unknown}
Comestibles
 d - 4 rations
 A - 2 chunks of flesh


   Skills:
 + Level 0.2 Fighting
 + Level 0.2 Short Blades
 * Level 2.2 Armour
 + Level 2.6 Dodging
 - Level 2.6 Stealth
 + Level 2.6 Spellcasting
 + Level 0.8 Transmutations
 * Level 6.2 Earth Magic


You had 3 spell levels left.
You knew the following spells:

 Your Spells              Type           Power        Failure   Level  Hunger
a - Sandblast             Erth           ###...       1%          1    #......
b - Passwall              Tmut/Erth      ##......     8%          2    ###....
c - Stone Arrow           Conj/Erth      ##....       17%         3    ###....

Your spell library contained the following spells:

 Spells                   Type           Power        Failure   Level  Hunger
 Lee's Rapid Deconstruct  Erth           ###.......   41%         5    ######.
 Petrify                  Tmut/Erth      ##......     43%         4    #####..


Dungeon Overview and Level Annotations

Branches:
Dungeon (3/15)              Sewer (1/1)

Altars:
Sif Muna


Innate Abilities, Weirdness & Mutations

You are resistant to damage.
You can heal yourself by infusing magical energy.
You passively map a small area around you.
You do not regenerate.


Message History

The river rat bites you. x2
You hit the river rat but do no damage.
The river rat is almost dead.
You barely miss the rat. You closely miss the river rat.
The river rat bites you but does no damage.
The river rat barely misses you.
You hit the river rat but do no damage.
The river rat is almost dead.
You barely miss the rat. You hit the rat.
You kill the rat!
You closely miss the river rat. The rat closely misses you.
The river rat bites you. The river rat bites you!
* * * LOW HITPOINT WARNING * * *
The rat closely misses you. The river rat barely misses you.
The river rat bites you!
* * * LOW HITPOINT WARNING * * *
The rat bites you.
* * * LOW HITPOINT WARNING * * *
The river rat bites you.
You die...

*
#≈≈≈≈≈≈#
#≈÷÷≈≈≈#
≈
#≈≈≈≈≈≈#
#≈≈≈≈≈≈#
#≈≈#≈≈≈#
#≈≈≈≈≈≈#
#≈≈≈≈≈≈#
#≈≈≈≈≈≈#
*
#≈≈≈≈≈≈#
#≈.≈≈≈≈#
#.≈≈≈≈≈#
#≈≈≈≈≈≈#
*
#≈≈≈≈≈≈#
#≈≈≈≈.≈#
*
#≈≈≈≈≈≈#
#≈≈≈≈≈≈#
*
#≈≈≈@≈≈#
#≈≈≈≈≈≈#
#≈#rrr≈#
#≈≈≈≈≈≈#
*
#≈≈r≈≈≈#
#≈≈≈≈≈≈#
#≈≈≈≈≈≈#
#≈≈≈≈≈≈#
#≈≈≈≈≈≈#
#≈≈≈≈≈≈#
**
#r≈≈≈≈≈#
#≈≈≈≈≈≈#
#.≈.≈≈##
##.≈≈..#
,
#......
#......#
......#
#..∩∩..#


You could see 2 river rats and 3 rats.

Vanquished Creatures
  Natasha (thrice) (D:2)
  4 adders
  A river rat (Sewer)
  A worm (D:3)
  2 dart slugs
  3 leopard geckos
  A ball python (Sewer)
  4 giant cockroaches
  4 goblins
  4 hobgoblins
  4 jackals (D:1)
  A quokka (D:2)
  9 bats
  2 frilled lizards (D:2)
  6 kobolds
  12 rats
61 creatures vanquished.

Notes
Turn   | Place    | Note
-------+----------+-------------------------------------------
     0 | D:1      | Bronimir the Deep Dwarf Earth Elementalist began the quest
                  | for the Orb.
     0 | D:1      | Reached XP level 1. HP: 15/15 MP: 3/3
   286 | D:1      | Reached XP level 2. HP: 5/22 MP: 1/4
   520 | D:1      | Learned a level 2 spell: Passwall
  1114 | D:1      | Reached XP level 3. HP: 28/28 MP: 2/6
  1211 | D:2      | Reached skill level 5 in Earth Magic
  1252 | D:2      | Noticed Natasha
  1256 | D:2      | Killed Natasha
  1257 | D:2      | Reached skill level 1 in Armour
  1556 | D:2      | Noticed Natasha
  1560 | D:2      | Killed Natasha
  1560 | D:2      | Reached XP level 4. HP: 34/36 MP: 4/7
  1915 | D:2      | Noticed Natasha
  1917 | D:2      | Killed Natasha
  1917 | D:2      | Reached XP level 5. HP: 38/42 MP: 5/8
  1996 | D:2      | Found a shimmering blue altar of Sif Muna.
  2052 | D:2      | Learned a level 3 spell: Stone Arrow
  2334 | D:3      | Found a glowing drain.
  2343 | D:3      | Reached skill level 6 in Earth Magic
  2351 | Sewer    | Entered a sewer
  2521 | Sewer    | Slain by a river rat

Levels and vault maps discovered:
D:1:      psy_arrival_fountain, layout_basic, minmay_misc_feat_secret_circle,
          minmay_small_reverse_x
D:2:      layout_loops_corners, lemuel_blue_sif_altar, uniq_natasha
D:3:      lemuel_castle_with_subvaults [lemuel_castle_interior_original],
          layout_basic, chequers_ecumenical_altar_simple, gup_sewer_entry_pipe,
          minmay_shallow_snake_nest, uniq_terence, uniq_sigmund
Sewer:    sewer_minmay_w

Skill      XL: |  1  2  3  4  5 |
---------------+----------------+-----
Spellcasting   | 2 |  2.6
Earth Magic    | 5 6 |  6.2
Armour         | 1 2 |  2.2
Fighting       | |  0.2
Short Blades   | |  0.2
Dodging        | |  2.6
Stealth        | |  2.6
Transmutations | |  0.8

Action                   |  1- 3 |  4- 6 || total
-------------------------+-------+-------++-------
Melee: Dagger            |    34 |       ||    34
       Unarmed           |     2 |       ||     2
       Whip              |     8 |       ||     8
       Hand axe          |       |    26 ||    26
 Cast: Sandblast         |    40 |    48 ||    88
       Stone Arrow       |       |     1 ||     1
 Abil: Heal Wounds       |     1 |       ||     1
 Stab: Sleeping          |       |     2 ||     2
  Eat: Chunk             |     2 |     4 ||     6
Armor: Robe              |    15 |     7 ||    22
Dodge: Dodged            |    62 |    43 ||   105
